Flyers vs Nordiques

Created - March 26, 2019 at 19:49

Goals
1 2 3 T
Flyers 0 0 3 3
Nordiques 1 0 3 4
Shots
1 2 3 T
Flyers 8 11 14 33
Nordiques 9 10 17 36

1st period

1. Nordiques , Simon Gagné 24 (Ryan Ellis 48, Marc Savard 57) at 12:23

Penalties :
Nathan Beaulieu (Phi) for Cross-checking (Minor) at 12:30, Trevor Daley (Que) for Kneeing (Minor) at 16:38

2nd period

No Goal

Penalties :
Simon Gagné (Que) for Holding (Minor) at 8:54

3rd period

2. Flyers , Mats Zuccarello 14 (Kyle Wellwood 43) at 1:15 (PP)
3. Nordiques , Ryan Callahan 15 (Ryan Ellis 49, Jay Bouwmeester 27) at 1:49
4. Nordiques , David Legwand 21 (Marc Savard 58) at 3:54
5. Flyers , Mats Zuccarello 15 (J.T. Miller 25, Kyle Wellwood 44) at 5:39
6. Flyers , Kyle Wellwood 26 (Mats Zuccarello 25, Drew Miller 45) at 10:44
7. Nordiques , Marc Savard 22 (Jay Bouwmeester 28, Vladimir Tarasenko 34) at 18:36 (PP)

Penalties :
Marc Savard (Que) for Goalie Interference (Minor) at 1:08, Kyle Wellwood (Phi) for Roughing (Minor) at 11:28, Oliver Ekman-Larsson (Phi) for Cross-checking (Minor) at 18:04

Goalie Stats

Steve Mason (Phi), 32 saves from 36 shots - (0.889), L, 14-6-1, 58:54 minutes
Jonathan Quick (Que), 30 saves from 33 shots - (0.909), W, 33-21-3, 60:00 minutes

Players Stats for Flyers

Player Name              G  A  P  +/- PIM S  H  SB GA TA FO     MP     PP MP  PK MP  
------------------------------------------------------------------------------------
Brian Lashoff            0  0  0   0  0   2  0  2  0  1  0/0    16:05   0:00   0:00 
Brian McGrattan          0  0  0   0  0   2  0  0  1  0  0/0     7:18   0:05   0:00 
Chris Mcallister         0  0  0   0  0   1  1  0  1  0  0/0     9:52   0:05   2:34 
Drew Miller              0  1  1  -1  0   3  0  3  0  0  1/2    20:46   2:06   0:00 
J.T. Miller              0  1  1   0  0   2  0  0  1  0  0/0    17:06   1:54   1:56 
Jakub Voracek            0  0  0  -1  0   1  2  2  0  0  0/1    20:46   2:06   0:00 
Jaromir Jagr             0  0  0   0  0   2  0  0  1  0  0/0    12:16   0:00   0:00 
Jeff Carter              0  0  0  -1  0   2  2  0  1  0  17/33  21:17   2:06   0:31 
Jeff Woywitka            0  0  0   1  0   3  2  4  0  1  0/0    23:37   2:05   2:10 
Jonathan Ericsson        0  0  0  -2  0   0  3  0  1  1  0/0    18:24   2:05   2:10 
Kyle Wellwood            1  2  3   0  2   3  1  0  0  0  7/13   16:16   1:54   1:07 
Loui Eriksson            0  0  0   0  0   1  0  0  0  0  0/0    12:16   0:00   0:00 
Marcus Kruger            0  0  0   0  0   1  0  0  0  0  2/5    13:31   0:05   0:45 
Mats Zuccarello          2  1  3   0  0   6  2  0  3  0  0/1    14:25   1:54   0:00 
Matt Smaby               0  0  0   0  0   2  2  1  0  0  0/0    19:31   0:00   2:20 
Matthew Lombardi         0  0  0   0  0   2  0  1  0  1  2/10    9:15   0:00   2:07 
Nathan Beaulieu          0  0  0   1  2   0  1  2  0  0  0/0    18:06   2:00   0:00 
Oliver Ekman-Larsson     0  0  0  -2  2   0  2  1  0  0  0/0    24:40   2:00   2:20 

Players Stats for Nordiques

Player Name              G  A  P  +/- PIM S  H  SB GA TA FO     MP     PP MP  PK MP  
------------------------------------------------------------------------------------
Chris Drury              0  0  0  -2  0   1  0  1  0  0  2/4    12:29   0:07   0:23 
David Legwand            1  0  1   2  0   5  0  0  0  0  5/10   17:44   1:50   1:12 
Dustin Byfuglien         0  0  0   1  0   2  2  0  0  0  0/0    12:39   0:00   1:04 
Fedor Tyutin             0  0  0  -1  0   2  1  1  0  2  0/0    20:51   1:44   2:03 
George Parros            0  0  0   0  0   0  0  0  0  0  0/0     7:15   0:00   0:00 
Jay Bouwmeester          0  2  2   1  0   1  2  2  0  1  0/0    26:27   2:46   0:00 
Jean-Pierre Dumont       0  0  0  -2  0   2  3  1  1  0  0/0    11:58   0:00   0:00 
Kyle Calder              0  0  0   0  0   0  0  0  0  0  0/0     8:23   0:07   1:00 
Marc Savard              1  2  3   1  2   4  1  1  0  0  26/44  21:56   2:33   1:55 
Mark Eaton               0  0  0   1  0   1  1  1  0  0  0/0    12:42   0:00   2:02 
Matt Moulson             0  0  0  -2  0   2  1  0  0  0  0/0    11:58   0:00   0:00 
Mike Fisher              0  0  0   0  0   0  2  0  0  0  1/2     8:14   0:00   0:00 
R.J. Umberger            0  0  0   2  0   2  1  1  1  0  0/1    17:30   1:50   0:58 
Ryan Callahan            1  0  1   2  0   1  3  0  0  0  1/2    16:32   1:50   0:00 
Ryan Ellis               0  2  2   1  0   3  3  1  1  2  0/0    28:02   2:46   2:03 
Simon Gagné              1  0  1   1  2   3  4  0  1  0  1/2    19:43   2:33   0:40 
Trevor Daley             0  0  0  -1  2   1  0  0  0  4  0/0    19:18   1:44   0:58 
Vladimir Tarasenko       0  1  1   1  0   6  0  0  0  0  0/0    22:11   2:40   2:02 

3 Stars

1 - Mats Zuccarello (Phi)
2 - Marc Savard (Que)
3 - Ryan Callahan (Que)

Power Play

Flyers - 1 on 3 Attempt(s) - 33.33%
Nordiques - 1 on 3 Attempt(s) - 33.33%

Penalty Kill

Flyers - 2 on 3 Attempt(s) - 66.67% - Score 0 goal in Penalty Kill
Nordiques - 2 on 3 Attempt(s) - 66.67% - Score 0 goal in Penalty Kill

Team Stat

Flyers - Hits : 18 - Faceoff Wins : 29 - Blocked Shots : 16 - Penalty Minutes : 6
Nordiques - Hits : 24 - Faceoff Wins : 36 - Blocked Shots : 9 - Penalty Minutes : 6

Official

Referees : Unknown
Linesman : Unknown

Game Notes

No Game Note

Finance

Level 1 -- Attendance: 4561 (76.02%) -- Ticket Income $478,905
Level 2 -- Attendance: 3549 (70.98%) -- Ticket Income $230,685
Level 3 -- Attendance: 1228 (61.40%) -- Ticket Income $56,488
Level 4 -- Attendance: 2380 (59.50%) -- Ticket Income $83,300
Luxury Box -- Attendance: 892 (89.20%) -- Ticket Income $147,180
Game was played at the Centre Videotron.
Total Attendance: 12610 (70.06%)
Total Ticket Income: $996,558
Other Income: $149,484
Total Income: $1,146,042

Flyers

5 vs 5 Forward 
   Center                   Left Wing                Right Wing               Time % Phy DF OF 
 1 Jeff Carter              Drew Miller              Jakub Voracek            40     0   1  4  
 2 Kyle Wellwood            J.T. Miller              Mats Zuccarello          30     0   1  4  
 3 Marcus Kruger            Loui Eriksson            Jaromir Jagr             20     0   1  4  
 4 Matthew Lombardi         Chris Mcallister         Brian McGrattan          10     0   4  1  

5 vs 5 Defense 
   Defense                  Defense                                           Time % Phy DF OF 
 1 Oliver Ekman-Larsson     Jonathan Ericsson                                 30     1   3  1  
 2 Jeff Woywitka            Nathan Beaulieu                                   30     1   3  1  
 3 Brian Lashoff            Matt Smaby                                        30     1   3  1  
 4 Oliver Ekman-Larsson     Jeff Woywitka                                     10     1   3  1  

PowerPlay Forward 
   Center                   Left Wing                Right Wing               Time % Phy DF OF 
 1 Jeff Carter              Drew Miller              Jakub Voracek            50     0   1  4  
 2 Kyle Wellwood            J.T. Miller              Mats Zuccarello          50     0   1  4  

PowerPlay Defense
   Defense                  Defense                                           Time % Phy DF OF 
 1 Oliver Ekman-Larsson     Nathan Beaulieu                                   50     0   2  3  
 2 Jonathan Ericsson        Jeff Woywitka                                     50     0   2  3  

Penalty Kill 4 Players Forward 
   Center                   Wing                     Time % Phy DF OF 
 1 Matthew Lombardi         Chris Mcallister         50     0   4  1  
 2 Kyle Wellwood            J.T. Miller              50     0   4  1  

Penalty Kill 4 Players Defense
   Defense                  Defense                  Time % Phy DF OF 
 1 Oliver Ekman-Larsson     Matt Smaby               50     1   4  0  
 2 Jeff Woywitka            Jonathan Ericsson        50     1   4  0  

Penalty Kill - 3 Players Forward 
   Forward                                           Time % Phy DF OF 
 1 Matthew Lombardi                                  50     0   4  1  
 2 Kyle Wellwood                                     50     0   4  1  

Penalty Kill - 3 Players Defense
   Defense                  Defense                  Time % Phy DF OF 
 1 Oliver Ekman-Larsson     Matt Smaby               50     1   4  0  
 2 Jeff Woywitka            Jonathan Ericsson        50     1   4  0  

4 vs 4 Forward 
   Center                   Wing                     Time % Phy DF OF 
 1 Jeff Carter              Jakub Voracek            50     0   2  3  
 2 Kyle Wellwood            J.T. Miller              50     0   2  3  

4 vs 4 Defense
   Defense                  Defense                  Time % Phy DF OF 
 1 Oliver Ekman-Larsson     Matt Smaby               50     1   3  1  
 2 Jeff Woywitka            Jonathan Ericsson        50     1   3  1  

Last Minutes Offensive
   Center                   Left Wing                Right Wing               Defense                  Defense                  
   Jeff Carter              Drew Miller              Jakub Voracek            Oliver Ekman-Larsson     Jeff Woywitka            

Last Minutes Defensive
   Center                   Left Wing                Right Wing               Defense                  Defense                  
   Matthew Lombardi         Chris Mcallister         Brian McGrattan          Oliver Ekman-Larsson     Jeff Woywitka            

Goaltenders
Starting : Steve Mason              
Backup : Cory Schneider           

Extra Forwards
Normal : Jeff Carter, Kyle Wellwood, Drew Miller - PP : Jeff Carter, Kyle Wellwood - PK : Matthew Lombardi
Extra Defensemen
Normal : Oliver Ekman-Larsson, Jeff Woywitka, Jonathan Ericsson - PP : Oliver Ekman-Larsson - PK : Oliver Ekman-Larsson, Jeff Woywitka
Penalty Shots
Jeff Carter, Loui Eriksson, Jaromir Jagr, Kyle Wellwood, J.T. Miller

Scratches
None

Nordiques

5 vs 5 Forward 
   Center                   Left Wing                Right Wing               Time % Phy DF OF 
 1 Marc Savard              Simon Gagné              Vladimir Tarasenko       40     0   1  4  
 2 David Legwand            R.J. Umberger            Ryan Callahan            30     1   1  3  
 3 Chris Drury              Matt Moulson             Jean-Pierre Dumont       20     1   1  3  
 4 Mike Fisher              Kyle Calder              George Parros            10     2   1  2  

5 vs 5 Defense 
   Defense                  Defense                                           Time % Phy DF OF 
 1 Jay Bouwmeester          Ryan Ellis                                        40     1   3  1  
 2 Fedor Tyutin             Trevor Daley                                      30     1   3  1  
 3 Dustin Byfuglien         Mark Eaton                                        20     1   3  1  
 4 Jay Bouwmeester          Ryan Ellis                                        10     1   3  1  

PowerPlay Forward 
   Center                   Left Wing                Right Wing               Time % Phy DF OF 
 1 Marc Savard              Simon Gagné              Vladimir Tarasenko       60     0   0  5  
 2 David Legwand            R.J. Umberger            Ryan Callahan            40     0   0  5  

PowerPlay Defense
   Defense                  Defense                                           Time % Phy DF OF 
 1 Jay Bouwmeester          Ryan Ellis                                        60     0   2  3  
 2 Trevor Daley             Fedor Tyutin                                      40     0   2  3  

Penalty Kill 4 Players Forward 
   Center                   Wing                     Time % Phy DF OF 
 1 Marc Savard              Vladimir Tarasenko       60     1   4  0  
 2 David Legwand            Simon Gagné              40     1   4  0  

Penalty Kill 4 Players Defense
   Defense                  Defense                  Time % Phy DF OF 
 1 Fedor Tyutin             Ryan Ellis               60     1   4  0  
 2 Trevor Daley             Mark Eaton               40     1   4  0  

Penalty Kill - 3 Players Forward 
   Forward                                           Time % Phy DF OF 
 1 Marc Savard                                       60     0   5  0  
 2 Vladimir Tarasenko                                40     0   5  0  

Penalty Kill - 3 Players Defense
   Defense                  Defense                  Time % Phy DF OF 
 1 Fedor Tyutin             Ryan Ellis               60     1   4  0  
 2 Mark Eaton               Trevor Daley             40     1   4  0  

4 vs 4 Forward 
   Center                   Wing                     Time % Phy DF OF 
 1 Marc Savard              Vladimir Tarasenko       60     0   1  4  
 2 David Legwand            Chris Drury              40     0   1  4  

4 vs 4 Defense
   Defense                  Defense                  Time % Phy DF OF 
 1 Jay Bouwmeester          Ryan Ellis               60     1   4  0  
 2 Fedor Tyutin             Trevor Daley             40     1   4  0  

Last Minutes Offensive
   Center                   Left Wing                Right Wing               Defense                  Defense                  
   Marc Savard              Simon Gagné              Vladimir Tarasenko       Fedor Tyutin             Ryan Ellis               

Last Minutes Defensive
   Center                   Left Wing                Right Wing               Defense                  Defense                  
   Marc Savard              Mike Fisher              Vladimir Tarasenko       Jay Bouwmeester          Ryan Ellis               

Goaltenders
Starting : Jonathan Quick           
Backup : Philipp Grubauer         

Extra Forwards
Normal : Vladimir Tarasenko, Ryan Callahan, David Legwand - PP : Vladimir Tarasenko, Ryan Callahan - PK : R.J. Umberger
Extra Defensemen
Normal : Ryan Ellis, Fedor Tyutin, Jay Bouwmeester - PP : Ryan Ellis - PK : Mark Eaton, Fedor Tyutin
Penalty Shots
Marc Savard, Vladimir Tarasenko, David Legwand, Chris Drury, Ryan Callahan

Scratches
Bruno Gervais (Healthy), Paul Gaustad (Healthy), T.J. Fast (Healthy), Tim Crowder (Healthy), Julien Ellis (Healthy)

% Time on Ice - Flyers

Lines # - Real PCT - Wanted PCT - Time Play
Normal Forward
1 - 35% - 40% - 17:38
2 - 27% - 30% - 13:41
3 - 24% - 20% - 12:16
4 - 13% - 10% - 6:48
Normal Defense
1 - 30% - 30% - 15:11
2 - 30% - 30% - 14:59
3 - 32% - 30% - 16:05
4 - 8% - 10% - 4:08
PP Forward
1 - 51% - 50% - 2:06
2 - 49% - 50% - 1:59
PP Defense
1 - 49% - 50% - 2:00
2 - 51% - 50% - 2:05
PK Forward
1 - 46% - 50% - 2:03
2 - 54% - 50% - 2:27
PK Defense
1 - 52% - 50% - 2:20
2 - 48% - 50% - 2:10
PK3 Forward
1 - 0% - 50%
2 - 0% - 50%
PK3 Defense
1 - 0% - 50%
2 - 0% - 50%
44 Forward
1 - 0% - 50%
2 - 0% - 50%
44 Defense
1 - 0% - 50%
2 - 0% - 50%
Last Minute Offensive  - 1:02
Last Minute Defensive  - 0:00
Total
Forward - 60:00
Defense - 60:00

% Time on Ice - Nordiques

Lines # - Real PCT - Wanted PCT - Time Play
Normal Forward
1 - 33% - 40% - 16:31
2 - 29% - 30% - 14:42
3 - 24% - 20% - 11:58
4 - 14% - 10% - 7:15
Normal Defense
1 - 38% - 40% - 19:01
2 - 33% - 30% - 16:52
3 - 23% - 20% - 11:46
4 - 6% - 10% - 2:47
PP Forward
1 - 59% - 60% - 2:40
2 - 41% - 40% - 1:50
PP Defense
1 - 61% - 60% - 2:46
2 - 39% - 40% - 1:44
PK Forward
1 - 71% - 60% - 2:53
2 - 29% - 40% - 1:12
PK Defense
1 - 50% - 60% - 2:03
2 - 50% - 40% - 2:02
PK3 Forward
1 - 0% - 60%
2 - 0% - 40%
PK3 Defense
1 - 0% - 60%
2 - 0% - 40%
44 Forward
1 - 0% - 60%
2 - 0% - 40%
44 Defense
1 - 0% - 60%
2 - 0% - 40%
Last Minute Offensive  - 0:00
Last Minute Defensive  - 0:59
Total
Forward - 60:00
Defense - 60:00

Play-by-Play

1st period


0:01 of 1st period - Jeff Carter wins face-off versus Marc Savard in neutral zone.
1:14 of 1st period - Jean-Pierre Dumont is hit by Jeff Carter.
1:32 of 1st period - Matthew Lombardi is hit by Simon Gagné and loses puck.
1:55 of 1st period - Matt Smaby is hit by Mark Eaton.
2:39 of 1st period - Mark Eaton is hit by Jeff Carter.
3:12 of 1st period - Trevor Daley is hit by Jonathan Ericsson and loses puck.
3:50 of 1st period - Marc Savard is hit by Oliver Ekman-Larsson and loses puck.
4:11 of 1st period - Jeff Woywitka is hit by Ryan Ellis.
4:15 of 1st period - Nathan Beaulieu is hit by Jay Bouwmeester and loses puck.
5:12 of 1st period - Brian Lashoff is hit by Jean-Pierre Dumont and loses puck.
5:57 of 1st period - Snap shot by Loui Eriksson.
5:57 of 1st period - Shot Blocked by Chris Drury.
5:59 of 1st period - Slapshot by Matt Smaby.
5:59 of 1st period - Stopped by Jonathan Quick with a rebound.
6:01 of 1st period - Slapshot by Brian Lashoff.
6:01 of 1st period - Stopped by Jonathan Quick without a rebound.
6:02 of 1st period - Marc Savard wins face-off versus Jeff Carter in Nordiques zone.
6:07 of 1st period - Jay Bouwmeester is hit by Jakub Voracek and loses puck.
6:28 of 1st period - Jeff Woywitka is hit by Ryan Callahan and loses puck.
6:33 of 1st period - Wrist shot by David Legwand.
6:33 of 1st period - Stopped by Steve Mason with a rebound.
6:35 of 1st period - Snap shot by Dustin Byfuglien.
6:35 of 1st period - Deflect By David Legwand.
6:35 of 1st period - Stopped by Steve Mason without a rebound.
6:36 of 1st period - Drew Miller wins face-off versus David Legwand in Flyers zone.
6:45 of 1st period - R.J. Umberger is hit by Oliver Ekman-Larsson and loses puck.
7:09 of 1st period - Off-side.
7:10 of 1st period - Kyle Wellwood wins face-off versus Marc Savard in neutral zone.
7:31 of 1st period - Snap shot by Mats Zuccarello.
7:31 of 1st period - Stopped by Jonathan Quick with a rebound.
7:33 of 1st period - Backhand shot by Kyle Wellwood.
7:33 of 1st period - Stopped by Jonathan Quick without a rebound.
7:34 of 1st period - David Legwand wins face-off versus Jeff Carter in Nordiques zone.
7:45 of 1st period - Snap shot by Ryan Callahan.
7:45 of 1st period - Shot Misses the Net.
7:57 of 1st period - Jakub Voracek is hit by Mike Fisher and loses puck.
8:04 of 1st period - Slapshot by Fedor Tyutin.
8:04 of 1st period - Stopped by Steve Mason without a rebound.
8:05 of 1st period - Marc Savard wins face-off versus Kyle Wellwood in Flyers zone.
8:06 of 1st period - Snap shot by Simon Gagné.
8:06 of 1st period - Stopped by Steve Mason with a rebound.
8:08 of 1st period - Backhand shot by Fedor Tyutin.
8:08 of 1st period - Stopped by Steve Mason without a rebound.
8:09 of 1st period - Kyle Wellwood wins face-off versus Marc Savard in Flyers zone.
8:26 of 1st period - J.T. Miller is hit by Simon Gagné and loses puck.
9:29 of 1st period - Snap shot by Jaromir Jagr.
9:29 of 1st period - Stopped by Jonathan Quick without a rebound.
9:30 of 1st period - Jeff Carter wins face-off versus Marc Savard in Nordiques zone.
9:56 of 1st period - Ryan Callahan is hit by Matt Smaby and loses puck.
11:19 of 1st period - Brian Lashoff is hit by R.J. Umberger and loses puck.
11:40 of 1st period - Snap shot by Loui Eriksson.
11:40 of 1st period - Stopped by Jonathan Quick with a rebound.
11:42 of 1st period - Slapshot by Jeff Woywitka.
11:42 of 1st period - Stopped by Jonathan Quick without a rebound.
11:43 of 1st period - Chris Drury wins face-off versus Marcus Kruger in Nordiques zone.
11:54 of 1st period - Snap shot by Jean-Pierre Dumont.
11:54 of 1st period - Stopped by Steve Mason without a rebound.
11:55 of 1st period - Marc Savard wins face-off versus Jeff Carter in Flyers zone.
12:04 of 1st period - Snap shot by Simon Gagné.
12:04 of 1st period - Stopped by Steve Mason without a rebound.
12:05 of 1st period - Jeff Carter wins face-off versus Marc Savard in Flyers zone.
12:23 of 1st period - Wrist shot by Simon Gagné.
12:23 of 1st period - Goal by Simon Gagné - Flyers : 0 - Nordiques : 1.
12:24 of 1st period - Marc Savard wins face-off versus Jeff Carter in neutral zone.
12:30 of 1st period - Minor Penalty to Nathan Beaulieu for Cross-checking.
12:31 of 1st period - Matthew Lombardi wins face-off versus Marc Savard in Flyers zone.
12:57 of 1st period - Oliver Ekman-Larsson is hit by Ryan Callahan and loses puck.
13:23 of 1st period - Backhand shot by Chris Mcallister.
13:23 of 1st period - Stopped by Jonathan Quick without a rebound.
13:24 of 1st period - David Legwand wins face-off versus Matthew Lombardi in Nordiques zone.
13:29 of 1st period - Snap shot by R.J. Umberger.
13:29 of 1st period - Shot Misses the Net.
13:31 of 1st period - Slapshot by Jay Bouwmeester.
13:31 of 1st period - Deflect By Matthew Lombardi.
13:31 of 1st period - Stopped by Steve Mason without a rebound.
13:32 of 1st period - Ryan Callahan wins face-off versus Matthew Lombardi in Flyers zone.
14:03 of 1st period - Slapshot by Matthew Lombardi.
14:03 of 1st period - Shot Misses the Net.
14:30 of 1st period - Penalty to Nathan Beaulieu is over, Nathan Beaulieu is back on ice.
14:42 of 1st period - Wrist shot by Kyle Wellwood.
14:42 of 1st period - Shot Misses the Net.
15:33 of 1st period - Ryan Ellis is hit by Nathan Beaulieu and loses puck.
16:38 of 1st period - Minor Penalty to Trevor Daley for Kneeing.
16:39 of 1st period - Marc Savard wins face-off versus Jeff Carter in Nordiques zone.
16:50 of 1st period - Fedor Tyutin is hit by Jonathan Ericsson and loses puck.
18:25 of 1st period - Jakub Voracek is hit by Simon Gagné and loses puck.
18:32 of 1st period - Simon Gagné is hit by Jakub Voracek and loses puck.
18:38 of 1st period - Penalty to Trevor Daley is over, Trevor Daley is back on ice.
18:45 of 1st period - Mats Zuccarello is hit by Dustin Byfuglien and loses puck.
19:18 of 1st period - Matt Smaby is hit by Jay Bouwmeester and loses puck.
Goals for this period are 0 for Flyers vs 1 for Nordiques.
Shots for this period are 8 for Flyers vs 9 for Nordiques.

2nd period


0:01 of 2nd period - Jeff Carter wins face-off versus Marc Savard in neutral zone.
0:26 of 2nd period - Ryan Callahan is hit by Mats Zuccarello and loses puck.
0:31 of 2nd period - Slapshot by J.T. Miller.
0:31 of 2nd period - Stopped by Jonathan Quick without a rebound.
0:32 of 2nd period - David Legwand wins face-off versus Kyle Wellwood in Nordiques zone.
0:41 of 2nd period - Snap shot by Mark Eaton.
0:41 of 2nd period - Deflect By R.J. Umberger.
0:41 of 2nd period - Stopped by Steve Mason without a rebound.
0:42 of 2nd period - Jeff Carter wins face-off versus David Legwand in Flyers zone.
0:56 of 2nd period - Slapshot by David Legwand.
0:56 of 2nd period - Shot Misses the Net.
1:02 of 2nd period - Snap shot by R.J. Umberger.
1:02 of 2nd period - Shot Misses the Net.
1:04 of 2nd period - Wrist shot by R.J. Umberger.
1:04 of 2nd period - Stopped by Steve Mason without a rebound.
1:05 of 2nd period - Marc Savard wins face-off versus Kyle Wellwood in Flyers zone.
1:22 of 2nd period - Slapshot by Mats Zuccarello.
1:22 of 2nd period - Deflect By Jay Bouwmeester.
1:22 of 2nd period - Shot Misses the Net.
1:22 of 2nd period - Puck is out of play.
1:23 of 2nd period - David Legwand wins face-off versus Jeff Carter in Nordiques zone.
1:32 of 2nd period - Slapshot by Ryan Ellis.
1:32 of 2nd period - Stopped by Steve Mason without a rebound.
1:33 of 2nd period - Jeff Carter wins face-off versus David Legwand in Flyers zone.
1:33 of 2nd period - Jeff Carter is hit by Ryan Ellis.
1:53 of 2nd period - Wrist shot by David Legwand.
1:53 of 2nd period - Shot Misses the Net.
1:55 of 2nd period - Snap shot by Ryan Ellis.
1:55 of 2nd period - Shot Misses the Net.
2:15 of 2nd period - Wrist shot by Drew Miller.
2:15 of 2nd period - Shot Blocked by R.J. Umberger.
2:33 of 2nd period - Snap shot by Drew Miller.
2:33 of 2nd period - Stopped by Jonathan Quick without a rebound.
2:34 of 2nd period - Kyle Wellwood wins face-off versus Marc Savard in Nordiques zone.
4:12 of 2nd period - Snap shot by Loui Eriksson.
4:12 of 2nd period - Shot Misses the Net.
4:48 of 2nd period - Snap shot by Matthew Lombardi.
4:48 of 2nd period - Stopped by Jonathan Quick with a rebound.
5:00 of 2nd period - Wrist shot by Matthew Lombardi.
5:00 of 2nd period - Stopped by Jonathan Quick with a rebound.
5:02 of 2nd period - Wrist shot by Jakub Voracek.
5:02 of 2nd period - Stopped by Jonathan Quick without a rebound.
5:03 of 2nd period - Jeff Carter wins face-off versus Marc Savard in Nordiques zone.
5:06 of 2nd period - Slapshot by Jeff Carter.
5:06 of 2nd period - Stopped by Jonathan Quick without a rebound.
5:07 of 2nd period - Marc Savard wins face-off versus Jeff Carter in Nordiques zone.
5:42 of 2nd period - Snap shot by Ryan Callahan.
5:42 of 2nd period - Shot Blocked by Brian Lashoff.
5:44 of 2nd period - Slapshot by Mark Eaton.
5:44 of 2nd period - Stopped by Steve Mason without a rebound.
5:45 of 2nd period - Chris Drury wins face-off versus Kyle Wellwood in Flyers zone.
6:53 of 2nd period - Wrist shot by David Legwand.
6:53 of 2nd period - Stopped by Steve Mason with a rebound.
7:33 of 2nd period - Chris Drury is hit by Jeff Woywitka and loses puck.
8:11 of 2nd period - Snap shot by Chris Drury.
8:11 of 2nd period - Shot Misses the Net.
8:13 of 2nd period - Snap shot by Jean-Pierre Dumont.
8:13 of 2nd period - Shot Misses the Net.
8:29 of 2nd period - Snap shot by Loui Eriksson.
8:29 of 2nd period - Shot Blocked by Jean-Pierre Dumont.
8:39 of 2nd period - Slapshot by Matt Moulson.
8:39 of 2nd period - Stopped by Steve Mason without a rebound.
8:40 of 2nd period - Marc Savard wins face-off versus Jeff Carter in Flyers zone.
8:41 of 2nd period - Wrist shot by Vladimir Tarasenko.
8:41 of 2nd period - Stopped by Steve Mason without a rebound.
8:42 of 2nd period - Marc Savard wins face-off versus Jeff Carter in Flyers zone.
8:54 of 2nd period - Minor Penalty to Simon Gagné for Holding.
8:55 of 2nd period - Kyle Wellwood wins face-off versus Marc Savard in Nordiques zone.
10:54 of 2nd period - Penalty to Simon Gagné is over, Simon Gagné is back on ice.
11:03 of 2nd period - Wrist shot by Matt Moulson.
11:03 of 2nd period - Stopped by Steve Mason with a rebound.
11:13 of 2nd period - Jonathan Ericsson is hit by Ryan Callahan and loses puck.
11:55 of 2nd period - Jeff Carter is hit by Dustin Byfuglien and loses puck.
13:01 of 2nd period - Matt Smaby is hit by Matt Moulson.
13:07 of 2nd period - Chris Drury is hit by Jonathan Ericsson and loses puck.
13:53 of 2nd period - Matt Smaby is hit by Mike Fisher.
14:18 of 2nd period - Dustin Byfuglien is hit by Jeff Woywitka and loses puck.
14:31 of 2nd period - Matt Moulson is hit by Chris Mcallister and loses puck.
14:39 of 2nd period - Icing by Matt Moulson.
14:40 of 2nd period - Marcus Kruger wins face-off versus Chris Drury in Nordiques zone.
14:43 of 2nd period - Slapshot by Mats Zuccarello.
14:43 of 2nd period - Stopped by Jonathan Quick with a rebound.
14:45 of 2nd period - Snap shot by Mats Zuccarello.
14:45 of 2nd period - Stopped by Jonathan Quick without a rebound.
14:46 of 2nd period - Marc Savard wins face-off versus Mats Zuccarello in Nordiques zone.
16:01 of 2nd period - Snap shot by Brian McGrattan.
16:01 of 2nd period - Shot Misses the Net.
16:03 of 2nd period - Slapshot by Jonathan Ericsson.
16:03 of 2nd period - Deflect By Brian McGrattan.
16:03 of 2nd period - Stopped by Jonathan Quick with a rebound.
16:05 of 2nd period - Slapshot by Oliver Ekman-Larsson.
16:05 of 2nd period - Shot Blocked by Fedor Tyutin.
16:07 of 2nd period - Slapshot by Matthew Lombardi.
16:07 of 2nd period - Shot Blocked by Marc Savard.
16:09 of 2nd period - Wrist shot by Brian McGrattan.
16:09 of 2nd period - Deflect By Fedor Tyutin.
16:09 of 2nd period - Stopped by Jonathan Quick with a rebound.
16:23 of 2nd period - Snap shot by J.T. Miller.
16:23 of 2nd period - Deflect By Kyle Wellwood.
16:23 of 2nd period - Stopped by Jonathan Quick without a rebound.
16:24 of 2nd period - Mike Fisher wins face-off versus Jeff Carter in Nordiques zone.
16:45 of 2nd period - Snap shot by George Parros.
16:45 of 2nd period - Shot Blocked by Jakub Voracek.
16:47 of 2nd period - Slapshot by Dustin Byfuglien.
16:47 of 2nd period - Stopped by Steve Mason with a rebound.
16:56 of 2nd period - Off-side.
16:57 of 2nd period - Marc Savard wins face-off versus Kyle Wellwood in neutral zone.
17:04 of 2nd period - Wrist shot by Vladimir Tarasenko.
17:04 of 2nd period - Shot Misses the Net.
17:24 of 2nd period - Slapshot by Trevor Daley.
17:24 of 2nd period - Deflect By David Legwand.
17:24 of 2nd period - Shot Blocked by Jeff Woywitka.
17:24 of 2nd period - Puck is out of play.
17:25 of 2nd period - David Legwand wins face-off versus Marcus Kruger in Flyers zone.
17:52 of 2nd period - Wrist shot by R.J. Umberger.
17:52 of 2nd period - Shot Blocked by Brian Lashoff.
18:00 of 2nd period - Backhand shot by David Legwand.
18:00 of 2nd period - Stopped by Steve Mason with a rebound.
18:12 of 2nd period - Matt Smaby is hit by Fedor Tyutin.
19:07 of 2nd period - Nathan Beaulieu is hit by Ryan Ellis and loses puck.
19:14 of 2nd period - Wrist shot by Jaromir Jagr.
19:14 of 2nd period - Shot Misses the Net.
19:16 of 2nd period - Slapshot by Nathan Beaulieu.
19:16 of 2nd period - Shot Misses the Net.
19:20 of 2nd period - Snap shot by Marcus Kruger.
19:20 of 2nd period - Shot Misses the Net.
19:22 of 2nd period - Slapshot by Jaromir Jagr.
19:22 of 2nd period - Deflect By Loui Eriksson.
19:22 of 2nd period - Shot Misses the Net.
19:22 of 2nd period - Puck is out of play.
19:23 of 2nd period - Jeff Carter wins face-off versus Simon Gagné in Nordiques zone.
19:50 of 2nd period - Wrist shot by Kyle Calder.
19:50 of 2nd period - Shot Misses the Net.
Goals for this period are 0 for Flyers vs 0 for Nordiques.
Shots for this period are 11 for Flyers vs 10 for Nordiques.

3rd period


0:01 of 3rd period - Marc Savard wins face-off versus Jeff Carter in neutral zone.
0:04 of 3rd period - Wrist shot by Marc Savard.
0:04 of 3rd period - Stopped by Steve Mason with a rebound.
0:51 of 3rd period - Snap shot by Chris Drury.
0:51 of 3rd period - Stopped by Steve Mason without a rebound.
0:52 of 3rd period - Marc Savard wins face-off versus Matthew Lombardi in Flyers zone.
0:55 of 3rd period - Wrist shot by Vladimir Tarasenko.
0:55 of 3rd period - Shot Blocked by Matthew Lombardi.
0:57 of 3rd period - Snap shot by Simon Gagné.
0:57 of 3rd period - Deflect By Marc Savard.
0:57 of 3rd period - Shot Blocked by Jeff Woywitka.
0:57 of 3rd period - Puck is out of play.
0:58 of 3rd period - Marc Savard wins face-off versus Jeff Carter in Flyers zone.
0:59 of 3rd period - Slapshot by Vladimir Tarasenko.
0:59 of 3rd period - Shot Blocked by Drew Miller.
1:01 of 3rd period - Slapshot by Trevor Daley.
1:01 of 3rd period - Shot Blocked by Nathan Beaulieu.
1:08 of 3rd period - Minor Penalty to Marc Savard for Goalie Interference.
1:09 of 3rd period - Kyle Wellwood wins face-off versus R.J. Umberger in Nordiques zone.
1:15 of 3rd period - Snap shot by Mats Zuccarello.
1:15 of 3rd period - Goal by Mats Zuccarello - Flyers : 1 - Nordiques : 1.
1:16 of 3rd period - Simon Gagné wins face-off versus Drew Miller in neutral zone.
1:49 of 3rd period - Snap shot by Ryan Callahan.
1:49 of 3rd period - Goal by Ryan Callahan - Flyers : 1 - Nordiques : 2.
1:50 of 3rd period - Marc Savard wins face-off versus Jeff Carter in neutral zone.
1:57 of 3rd period - Wrist shot by Marc Savard.
1:57 of 3rd period - Stopped by Steve Mason without a rebound.
1:58 of 3rd period - Jeff Carter wins face-off versus Marc Savard in Flyers zone.
2:05 of 3rd period - Slapshot by Jeff Woywitka.
2:05 of 3rd period - Stopped by Jonathan Quick without a rebound.
2:06 of 3rd period - Jeff Carter wins face-off versus Marc Savard in Nordiques zone.
2:07 of 3rd period - Wrist shot by Jakub Voracek.
2:07 of 3rd period - Deflect By Jeff Carter.
2:07 of 3rd period - Stopped by Jonathan Quick with a rebound.
3:38 of 3rd period - Snap shot by Drew Miller.
3:38 of 3rd period - Stopped by Jonathan Quick with a rebound.
3:40 of 3rd period - Slapshot by Brian Lashoff.
3:40 of 3rd period - Shot Misses the Net.
3:42 of 3rd period - Slapshot by Matt Smaby.
3:42 of 3rd period - Shot Blocked by Mark Eaton.
3:54 of 3rd period - Slapshot by David Legwand.
3:54 of 3rd period - Goal by David Legwand - Flyers : 1 - Nordiques : 3.
3:55 of 3rd period - Marc Savard wins face-off versus Jeff Carter in neutral zone.
4:04 of 3rd period - Wrist shot by Vladimir Tarasenko.
4:04 of 3rd period - Stopped by Steve Mason without a rebound.
4:05 of 3rd period - Jeff Carter wins face-off versus Marc Savard in Flyers zone.
4:24 of 3rd period - Snap shot by Vladimir Tarasenko.
4:24 of 3rd period - Shot Blocked by Drew Miller.
4:26 of 3rd period - Snap shot by Marc Savard.
4:26 of 3rd period - Shot Blocked by Jeff Woywitka.
4:28 of 3rd period - Snap shot by Marc Savard.
4:28 of 3rd period - Shot Blocked by Jeff Woywitka.
4:30 of 3rd period - Wrist shot by Vladimir Tarasenko.
4:30 of 3rd period - Stopped by Steve Mason without a rebound.
4:31 of 3rd period - Kyle Wellwood wins face-off versus David Legwand in Flyers zone.
5:05 of 3rd period - Snap shot by Jaromir Jagr.
5:05 of 3rd period - Stopped by Jonathan Quick without a rebound.
5:06 of 3rd period - Marc Savard wins face-off versus Jeff Carter in Nordiques zone.
5:15 of 3rd period - Snap shot by Ryan Ellis.
5:15 of 3rd period - Shot Misses the Net.
5:39 of 3rd period - Snap shot by Mats Zuccarello.
5:39 of 3rd period - Goal by Mats Zuccarello - Flyers : 2 - Nordiques : 3.
5:40 of 3rd period - Marc Savard wins face-off versus Jakub Voracek in neutral zone.
6:12 of 3rd period - R.J. Umberger is hit by Kyle Wellwood and loses puck.
7:18 of 3rd period - Snap shot by Simon Gagné.
7:18 of 3rd period - Shot Blocked by Drew Miller.
7:20 of 3rd period - Slapshot by Mark Eaton.
7:20 of 3rd period - Shot Blocked by Matt Smaby.
7:22 of 3rd period - Slapshot by Dustin Byfuglien.
7:22 of 3rd period - Shot Blocked by Jakub Voracek.
7:24 of 3rd period - Slapshot by Mark Eaton.
7:24 of 3rd period - Shot Misses the Net.
7:26 of 3rd period - Snap shot by Vladimir Tarasenko.
7:26 of 3rd period - Stopped by Steve Mason without a rebound.
7:27 of 3rd period - Kyle Wellwood wins face-off versus Ryan Callahan in Flyers zone.
8:18 of 3rd period - Snap shot by Marcus Kruger.
8:18 of 3rd period - Shot Misses the Net.
8:20 of 3rd period - Snap shot by Matt Smaby.
8:20 of 3rd period - Stopped by Jonathan Quick with a rebound.
8:22 of 3rd period - Slapshot by Brian Lashoff.
8:22 of 3rd period - Stopped by Jonathan Quick without a rebound.
8:23 of 3rd period - Marc Savard wins face-off versus Kyle Wellwood in Nordiques zone.
8:28 of 3rd period - Mats Zuccarello is hit by Simon Gagné and loses puck.
9:12 of 3rd period - Wrist shot by Mats Zuccarello.
9:12 of 3rd period - Stopped by Jonathan Quick without a rebound.
9:13 of 3rd period - Jeff Carter wins face-off versus David Legwand in Nordiques zone.
9:14 of 3rd period - Snap shot by Drew Miller.
9:14 of 3rd period - Shot Blocked by Jay Bouwmeester.
9:42 of 3rd period - Slapshot by Ryan Ellis.
9:42 of 3rd period - Stopped by Steve Mason with a rebound.
9:44 of 3rd period - Snap shot by Dustin Byfuglien.
9:44 of 3rd period - Stopped by Steve Mason with a rebound.
9:48 of 3rd period - Wrist shot by Vladimir Tarasenko.
9:48 of 3rd period - Shot Misses the Net.
9:50 of 3rd period - Slapshot by Dustin Byfuglien.
9:50 of 3rd period - Deflect By Vladimir Tarasenko.
9:50 of 3rd period - Stopped by Steve Mason without a rebound.
9:51 of 3rd period - Marc Savard wins face-off versus Matthew Lombardi in Flyers zone.
9:55 of 3rd period - Icing by Jeff Woywitka.
9:56 of 3rd period - Marc Savard wins face-off versus Matthew Lombardi in Flyers zone.
10:44 of 3rd period - Snap shot by Kyle Wellwood.
10:44 of 3rd period - Goal by Kyle Wellwood - Flyers : 3 - Nordiques : 3.
10:45 of 3rd period - Jeff Carter wins face-off versus Marc Savard in neutral zone.
11:12 of 3rd period - Ryan Ellis is hit by Mats Zuccarello and loses puck.
11:28 of 3rd period - Minor Penalty to Kyle Wellwood for Roughing.
11:29 of 3rd period - Marc Savard wins face-off versus Matthew Lombardi in Flyers zone.
12:02 of 3rd period - Snap shot by J.T. Miller.
12:02 of 3rd period - Shot Misses the Net.
13:28 of 3rd period - Penalty to Kyle Wellwood is over, Kyle Wellwood is back on ice.
13:32 of 3rd period - Oliver Ekman-Larsson is hit by Jean-Pierre Dumont and loses puck.
13:41 of 3rd period - Wrist shot by Jean-Pierre Dumont.
13:41 of 3rd period - Shot Misses the Net.
13:47 of 3rd period - Wrist shot by J.T. Miller.
13:47 of 3rd period - Deflect By George Parros.
13:47 of 3rd period - Stopped by Jonathan Quick without a rebound.
13:48 of 3rd period - Marcus Kruger wins face-off versus Mike Fisher in Nordiques zone.
14:18 of 3rd period - Slapshot by Fedor Tyutin.
14:18 of 3rd period - Shot Blocked by Nathan Beaulieu.
14:20 of 3rd period - Wrist shot by Jean-Pierre Dumont.
14:20 of 3rd period - Stopped by Steve Mason without a rebound.
14:21 of 3rd period - Jeff Carter wins face-off versus Chris Drury in Flyers zone.
14:30 of 3rd period - Slapshot by Matt Moulson.
14:30 of 3rd period - Shot Blocked by Oliver Ekman-Larsson.
14:32 of 3rd period - Snap shot by Chris Drury.
14:32 of 3rd period - Shot Misses the Net.
14:34 of 3rd period - Snap shot by Trevor Daley.
14:34 of 3rd period - Stopped by Steve Mason without a rebound.
14:35 of 3rd period - Jeff Carter wins face-off versus Marc Savard in Flyers zone.
15:11 of 3rd period - Wrist shot by Mats Zuccarello.
15:11 of 3rd period - Shot Misses the Net.
15:13 of 3rd period - Wrist shot by Kyle Wellwood.
15:13 of 3rd period - Deflect By J.T. Miller.
15:13 of 3rd period - Shot Misses the Net.
15:13 of 3rd period - Puck is out of play.
15:14 of 3rd period - Marc Savard wins face-off versus Marcus Kruger in Nordiques zone.
15:43 of 3rd period - Oliver Ekman-Larsson is hit by Jean-Pierre Dumont.
15:53 of 3rd period - Backhand shot by Matt Moulson.
15:53 of 3rd period - Shot Misses the Net.
16:48 of 3rd period - Wrist shot by Loui Eriksson.
16:48 of 3rd period - Shot Blocked by Ryan Ellis.
16:50 of 3rd period - Slapshot by Matt Smaby.
16:50 of 3rd period - Shot Misses the Net.
17:16 of 3rd period - Wrist shot by Marcus Kruger.
17:16 of 3rd period - Stopped by Jonathan Quick with a rebound.
17:18 of 3rd period - Slapshot by Matt Smaby.
17:18 of 3rd period - Shot Misses the Net.
17:20 of 3rd period - Snap shot by Brian Lashoff.
17:20 of 3rd period - Shot Misses the Net.
17:50 of 3rd period - Mark Eaton is hit by Matt Smaby and loses puck.
18:04 of 3rd period - Minor Penalty to Oliver Ekman-Larsson for Cross-checking.
18:05 of 3rd period - Marc Savard wins face-off versus Matthew Lombardi in Flyers zone.
18:14 of 3rd period - Wrist shot by Simon Gagné.
18:14 of 3rd period - Shot Misses the Net.
18:16 of 3rd period - Slapshot by Ryan Ellis.
18:16 of 3rd period - Stopped by Steve Mason without a rebound.
18:17 of 3rd period - Matthew Lombardi wins face-off versus Marc Savard in Flyers zone.
18:24 of 3rd period - Wrist shot by Marc Savard.
18:24 of 3rd period - Stopped by Steve Mason with a rebound.
18:26 of 3rd period - Slapshot by Ryan Ellis.
18:26 of 3rd period - Deflect By Simon Gagné.
18:26 of 3rd period - Shot Misses the Net.
18:26 of 3rd period - Puck is out of play.
18:27 of 3rd period - Marc Savard wins face-off versus Matthew Lombardi in Flyers zone.
18:30 of 3rd period - Slapshot by Vladimir Tarasenko.
18:30 of 3rd period - Stopped by Steve Mason with a rebound.
18:32 of 3rd period - Slapshot by Marc Savard.
18:32 of 3rd period - Shot Misses the Net.
18:34 of 3rd period - Slapshot by Jay Bouwmeester.
18:34 of 3rd period - Shot Misses the Net.
18:36 of 3rd period - Wrist shot by Marc Savard.
18:36 of 3rd period - Goal by Marc Savard - Flyers : 3 - Nordiques : 4.
18:37 of 3rd period - Marc Savard wins face-off versus Jeff Carter in neutral zone.
18:54 of 3rd period - Flyers, Steve Mason is pulled from the net.
19:04 of 3rd period - Drew Miller is hit by Marc Savard and loses puck.
19:15 of 3rd period - Snap shot by Jakub Voracek.
19:15 of 3rd period - Shot Misses the Net.
19:17 of 3rd period - Snap shot by Jeff Woywitka.
19:17 of 3rd period - Stopped by Jonathan Quick without a rebound.
19:18 of 3rd period - Pat Quinn call a timeout for Flyers.
19:18 of 3rd period - Jeff Carter wins face-off versus Marc Savard in Nordiques zone.
19:35 of 3rd period - Slapshot by Jakub Voracek.
19:35 of 3rd period - Deflect By Drew Miller.
19:35 of 3rd period - Shot Blocked by Jay Bouwmeester.
19:35 of 3rd period - Puck is out of play.
19:36 of 3rd period - Jeff Carter wins face-off versus Marc Savard in Nordiques zone.
19:39 of 3rd period - Snap shot by Drew Miller.
19:39 of 3rd period - Stopped by Jonathan Quick with a rebound.
Goals for this period are 3 for Flyers vs 3 for Nordiques.
Shots for this period are 14 for Flyers vs 17 for Nordiques.